 Dungeon Crawl Stone Soup version 0.31-a0-632-g766dd24fdf (webtiles) character file.

Game seed: 18392404501732599215

41813 zenocrate the Brawler (level 13, 0/127 HPs)
             Began as a Troll Shapeshifter on Aug 25, 2023.
             Was the Champion of Cheibriados.
             Slain by a blink frog (5 damage)
             ... while petrified by a basilisk
             ... on level 5 of the Lair of Beasts.
             The game lasted 00:17:04 (11691 turns).

zenocrate the Brawler (Troll Shapeshifter)         Turns: 11691, Time: 00:17:04

Health: 0/127      AC:  4    Str: 45    XL:     13   Next: 82%
Magic:  15/15      EV:  1    Int: 19    God:    Cheibriados [******]
Gold:   556        SH:  0    Dex: 25    Spells: 6/16 levels left

rFire   + .          .
                       - Unarmed
rCold   . . .        (shield currently unavailable)
rNeg    + + +        q - +0 acid dragon scales
rPois   ∞            (helmet restricted)
rElec   .            (no cloak)
rCorr   +            (gloves unavailable)
SInv    .            (boots unavailable)
Will    .....        N - amulet of regeneration
Stlth   ++           l - +5 ring of evasion
HPRegen 2.01/turn    t - ring of flight
MPRegen 0.14/turn

%: no passive effects
@: blade hands, petrified, flying, very slow
A: large, unfitting armour, claws 3, regeneration 1, shaggy fur 1, tough skin 1,
fire resistance 1
a: Begin Untransformation, Renounce Religion, Bend Time, Temporal Distortion,
Slouch, Step From Time


You were on level 5 of the Lair of Beasts.
You worshipped Cheibriados.
Cheibriados was exalted by your worship.
You had blades for hands.
You visited 3 branches of the dungeon, and saw 15 of its levels.

You collected 1001 gold pieces.
You spent 445 gold pieces at shops.

Inventory:

Missiles
 w - 2 boomerangs (quivered)
 E - 2 throwing nets
 G - 3 javelins
 L - 5 large rocks
Armour
 q - +0 acid dragon scales (worn)
 v - a +2 hat
 A - a +0 cloak
Jewellery
 b - a ring of magical power
 l - a +5 ring of evasion (left blade hand)
 t - a ring of flight (right blade hand)
 x - an amulet of reflection
 N - an amulet of regeneration (around neck)
 O - a ring of magical power
Talismans
 c - a beast talisman
 d - a flux talisman
 I - a blade talisman (active)
Wands
 e - a wand of light (2)
 u - a wand of flame (10)
 y - a wand of mindburst (28)
 D - a wand of roots (12)
 F - a wand of paralysis (25)
Scrolls
 a - a scroll of brand weapon {unknown}
 f - 2 scrolls of enchant armour {unknown}
 j - 6 scrolls of teleportation
 k - 5 scrolls of revelation
 m - 2 scrolls of fear {unknown}
 o - a scroll of immolation {unknown}
 B - a scroll of vulnerability {unknown}
 C - 2 scrolls of poison {unknown}
 J - a scroll of amnesia
 K - a scroll of blinking {unknown}
 M - a scroll of enchant weapon
Potions
 g - a potion of might
 h - 2 potions of berserk rage
 i - a potion of cancellation
 n - 5 potions of attraction
 p - 2 potions of mutation
 r - 7 potions of heal wounds
 s - 5 potions of brilliance
 z - 11 potions of curing {unknown}
 H - a potion of resistance {unknown}


   Skills:
 - Level 8.1 Fighting
 - Level 5.2 Armour
 - Level 6.0 Dodging
 + Level 15.5 Unarmed Combat
 - Level 2.4 Spellcasting
 + Level 3.3 Evocations
 - Level 11.5 Shapeshifting


You had 6 spell levels left.
You knew the following spells:

 Your Spells              Type           Power      Damage    Failure   Level
a - Teleport Other        Tloc           2%         N/A       47%         3
b - Tukima's Dance        Hex            2%         N/A       47%         3
c - Portal Projectile     Hex/Tloc       4%         N/A       47%         3
m - Apportation           Tloc           4%         N/A       19%         1

Your spell library contained the following spells:

 Spells                   Type           Power      Damage    Failure   Level
 Foxfire                  Conj/Fire      8%         2x1d4     19%         1
 Necrotise                Necr           8%         1d4       19%         1
 Sandblast                Erth           4%         2d4       19%         1
 Summon Small Mammal      Summ           8%         N/A       19%         1
 Lesser Beckoning         Tloc           4%         N/A       26%         2
 Passwall                 Tmut/Erth      1%         N/A       26%         2
 Poisonous Vapours        Pois/Air       4%         N/A       26%         2
 Gell's Gravitas          Tloc           2%         N/A       47%         3
 Mephitic Cloud           Conj/Pois/Air  2%         N/A       47%         3
 Stone Arrow              Conj/Erth      4%         3d7       47%         3
 Cause Fear               Hex            1%         N/A       87%         4
 Iskenderun's Mystic Bla  Conj/Tloc      2%         2d3       87%         4
 Fireball                 Conj/Fire      1%         3d3       99%         5
 Freezing Cloud           Conj/Ice/Air   1%         6-21      99%         5
 Plasma Beam              Fire/Air       1%         2x1d11    100%        6
 Starburst                Conj/Fire      1%         6d3       100%        6
 Dragon's Call            Summ           1%         N/A       100%        9


Dungeon Overview and Level Annotations

Branches:
Dungeon (9/15)             Temple (1/1) D:7            Lair (5/5) D:8
 Shoals (0/4) Lair:2        Snake (0/4) Lair:3        Slime (0/5) Lair:5
    Orc: D:9-12

Altars:
Ashenzari
Cheibriados
Elyvilon
Fedhas
Gozag
Hepliaklqana
Kikubaaqudgha
Makhleb
Nemelex Xobeh
Okawaru
Qazlal
Ru
Sif Muna
Trog
Vehumet
Wu Jian
Xom
Yredelemnul
Zin
The Shining One
Jiyva

Shops:
D:3 *   D:7 **   D:8 *

Annotations:
D:7 2 transporters, Fodor's ghost, novice MiFi
Lair:5 2 transporters, justen's ghost, journeyman TrSh


Innate Abilities, Weirdness & Mutations

You have blades for hands.
You are immune to poison.
You are incapable of wielding weapons or throwing items.
You are too large for most types of armour.
You have claws for hands.
Your natural rate of healing is unusually fast.
You are covered in fur. (AC +1)
You have tough skin. (AC +1)
Your flesh is heat resistant. (rF+)


Message History

You easily resist.
The blink frog hits you but does no damage.
The spriggan hits you with a +2 rapier of distortion.
Space warps around you.
A small abomination comes into view.
The blink frog gives a loud, deep croak!
You have turned to stone.
The blink frog hits you!
The blink frog blinks! x2
The spriggan hits you with a +2 rapier of distortion!
Space warps horribly around you! The blink frog hits you!
A ynoxinul comes into view. x2
The spriggan hits you with a +2 rapier of distortion!
You blink.
The ynoxinul moves out of view. x2
The blink frog blinks!
The blink frog hits you! The blink frog hits you.
The blink frog blinks!
The blink frog hits you but does no damage.
The blink frog hits you! The blink frog hits you! x2
* * * LOW HITPOINT WARNING * * *
The blink frog blinks!
The blink frog hits you!
* * * LOW HITPOINT WARNING * * *
The blink frog blinks!
The blink frog hits you!
* * * LOW HITPOINT WARNING * * *
The blink frog hits you.
* * * LOW HITPOINT WARNING * * *
The spriggan barely misses you.
The blink frog hits you but does no damage.
The blink frog hits you!
* * * LOW HITPOINT WARNING * * *
The blink frog blinks!
The spriggan hits you with a +2 rapier of distortion!
* * * LOW HITPOINT WARNING * * *
Space warps horribly around you!
* * * LOW HITPOINT WARNING * * *
The blink frog hits you!
* * * LOW HITPOINT WARNING * * *
The blink frog blinks!
The blink frog hits you!
You die...

♣♣.....................
♣♣..♣♣♣....♣P.........#
♣♣...♣
♣♣♣♣♣♣♣♣...#....#
♣...♣♣ ♣♣.♣♣#..(.
♣♣...♣ ♣♣♣ ♣♣♣♣.
♣♣...♣♣ ♣♣ ♣....♣ ♣♣
♣♣..♣♣♣ ♣♣♣♣♣♣♣♣...
♣..♣♣ ♣♣♣@.l.....♣
♣♣..♣ ♣..Fi...♣♣♣ ♣..♣♣
♣♣.F♣♣...♣ ♣♣..♣
♣♣♣...♣♣♣.†.♣
♣..♣♣♣.....♣ ♣♣F..♣
♣..♣.....♣♣♣ ♣x.§..
♣♣......♣♣ ..♣.x3
♣..♣♣♣♣♣ ..♣ .3 ♣...♣
♣♣ .


You could see a basilisk, 3 blink frogs, a small abomination and a spriggan.

Vanquished Creatures
  The ghost of Age the Slayer, a journeyman MiFi of Gozag (Lair:1)
  4 hydras
  A two-headed ogre (D:9)
  3 death yaks (Lair:5)
  Amaemon (D:9)
  3 skysharks
  The ghost of innerfire43 the Martial Artist, a novice GnSh of Cheibriados (D:8)
  A lindwurm (Lair:4)
  2 wolf spiders (Lair:1)
  A salamander (Lair:3)
  Joseph (D:7)
  5 black mambas
  14 elephants
  An orange demon (D:9)
  Maggie (D:9)
  15 cane toads
  5 komodo dragons
  The ghost of IdlyInterested the Chopper, an amateur DsGl (D:5)
  A troll (D:9)
  17 blink frogs
  A hornet (D:8)
  4 polar bears
  A wyvern (D:8)
  A shadow (D:8)
  A ynoxinul (Lair:5)
  A wraith (D:8)
  41 yaks
  3 steam dragons
  4 basilisks
  An acid dragon (D:9)
  18 water moccasins
  2 orc warriors
  3 black bears
  A sky beast (D:8)
  3 ice beasts
  11 wolves
  4 ogres
  2 centaurs
  3 phantoms (D:6)
  3 kobold brigands
  A small abomination (Lair:5)
  A gnoll sergeant (D:7)
  10 bullfrogs
  3 scorpions
  13 wights
  2 howler monkeys
  A crimson imp (D:3)
  4 lava snakes (Lair:3)
  2 orc priests
  A gnoll bouda (D:6)
  8 hounds
  4 sleepcaps
  Jessica (D:2)
  Ijyb (D:5)
  Crazy Yiuf (D:4)
  4 iguanas
  7 orc wizards
  8 gnolls
  8 adders
  2 white imps
  3 ufetubi
  2 worms
  5 dart slugs
  19 orcs
  6 ball pythons
  9 endoplasms
  6 giant cockroaches
  4 goblins
  8 hobgoblins
  6 jackals
  20 kobolds
  3 quokkas
  7 bats
  A frilled lizard (D:2)
  10 rats
378 creatures vanquished.

Vanquished Creatures (others)
  An orc warrior (D:6)
1 creature vanquished.

Grand Total: 379 creatures vanquished

Notes
Turn   | Place    | Note
-------+----------+-------------------------------------------
     0 | D:1      | zenocrate the Troll Shapeshifter began the quest for the
                  | Orb.
     0 | D:1      | Reached XP level 1. HP: 18/18 MP: 0/0
   165 | D:1      | Reached XP level 2. HP: 26/26 MP: 1/1
   751 | D:1      | Reached XP level 3. HP: 32/32 MP: 2/2
   806 | D:2      | Noticed Jessica
   813 | D:2      | Killed Jessica
   814 | D:2      | Reached skill level 1 in Fighting
   860 | D:2      | Reached XP level 4. HP: 41/41 MP: 3/3
   938 | D:2      | You fall into a shaft and drop 1 floor!
   982 | D:2      | Reached skill level 4 in Unarmed Combat
  1730 | D:3      | Found Widuorr's General Store.
  1733 | D:3      | Bought a scroll of teleportation for 30 gold pieces
  1805 | D:3      | Found a burning altar of Makhleb.
  1806 | D:3      | Found a radiant altar of Vehumet.
  1813 | D:3      | Reached XP level 5. HP: 49/49 MP: 4/4
  1854 | D:3      | Found an ornate altar of the Wu Jian Council.
  2186 | D:4      | Noticed an ogre
  2191 | D:4      | Killed an ogre
  2192 | D:4      | Reached skill level 5 in Unarmed Combat
  2223 | D:4      | Reached XP level 6. HP: 61/61 MP: 5/5
  2315 | D:4      | Found a hazy altar of Hepliaklqana.
  2360 | D:4      | Found a runed translucent door.
  2361 | D:4      | Noticed Crazy Yiuf
  2661 | D:4      | Reached skill level 6 in Unarmed Combat
  2728 | D:4      | Found a glowing silver altar of Zin.
  2862 | D:4      | Found a basalt altar of Yredelemnul.
  3066 | D:4      | Killed Crazy Yiuf
  3092 | D:5      | Entered Level 5 of the Dungeon
  3092 | D:5      | Found a snail-covered altar of Cheibriados.
  3142 | D:5      | Became a worshipper of Cheibriados the Contemplative
  3263 | D:5      | Found a runed translucent door.
  3307 | D:5      | Noticed an orc warrior
  3311 | D:5      | Reached XP level 7. HP: 67/67 MP: 6/6
  3360 | D:5      | Found a white marble altar of Elyvilon.
  3420 | D:5      | Reached skill level 7 in Unarmed Combat
  3457 | D:5      | Found a bloodstained altar of Trog.
  3538 | D:5      | Noticed Ijyb
  3547 | D:5      | Killed Ijyb
  3623 | D:5      | Found a sacrificial altar of Ru.
  3840 | D:5      | Noticed IdlyInterested's ghost (amateur DsGl)
  3853 | D:5      | Killed IdlyInterested's ghost
  3854 | D:5      | Reached XP level 8. HP: 62/75 MP: 7/7
  3878 | D:5      | Learned a level 3 spell: Teleport Other
  3969 | D:5      | Reached skill level 8 in Unarmed Combat
  4010 | D:5      | Reached * piety under Cheibriados
  4052 | D:6      | Found a shimmering altar of Xom.
  4095 | D:6      | Reached skill level 5 in Dodging
  4149 | D:6      | Reached skill level 9 in Unarmed Combat
  4380 | D:6      | Reached ** piety under Cheibriados
  4381 | D:6      | Reached XP level 9. HP: 81/81 MP: 8/8
  5094 | D:7      | Noticed Joseph
  5101 | D:7      | Killed Joseph
  5102 | D:7      | Reached skill level 10 in Unarmed Combat
  5193 | D:7      | Found Vylolaul's Neck Hole.
  5279 | D:7      | Found a staircase to the Ecumenical Temple.
  5328 | D:7      | Found a transporter.
  5333 | D:7      | Found a transporter.
  5334 | D:7      | Noticed Fodor's ghost (novice MiFi)
  5386 | D:7      | Noticed a queen bee
  5496 | D:7      | Found Kuheorae's Assorted Antiques.
  5523 | D:7      | Bought a sedimented clear potion for 19 gold pieces
  5523 | D:7      | Bought a scroll labelled USURAY ESCHO for 22 gold pieces
  5523 | D:7      | Bought a scroll labelled IBASUET GOBBUF JEMP for 22 gold
                  | pieces
  5523 | D:7      | Bought a scroll labelled GIOCWA RONI for 22 gold pieces
  5523 | D:7      | Bought an onyx ring for 110 gold pieces
  5523 | D:7      | Bought a dented copper amulet for 110 gold pieces
  5523 | D:7      | Bought a triangular cameo amulet for 110 gold pieces
  5754 | D:7      | Reached skill level 5 in Shapeshifting
  5754 | D:7      | Reached *** piety under Cheibriados
  5881 | D:8      | Gained mutation: You sometimes lose your temper in combat.
                  | [potion of mutation]
  5882 | D:8      | Lost mutation: You sometimes lose your temper in combat.
                  | [potion of mutation]
  5882 | D:8      | Gained mutation: Armour fits poorly on your strangely
                  | shaped body. [potion of mutation]
  5882 | D:8      | Gained mutation: You have sharp toenails. [potion of
                  | mutation]
  5883 | D:8      | Lost mutation: Armour fits poorly on your strangely shaped
                  | body. [potion of mutation]
  5883 | D:8      | Lost mutation: You have sharp toenails. [potion of
                  | mutation]
  5883 | D:8      | Gained mutation: Your flesh is heat resistant. (rF+)
                  | [potion of mutation]
  5950 | D:8      | Reached XP level 10. HP: 91/94 MP: 9/9
  5953 | D:8      | Found a broken altar of Ashenzari.
  6083 | D:8      | Found Pyjewk's Assorted Antiques.
  6096 | D:8      | Found a sparkling altar of Nemelex Xobeh.
  6351 | D:8      | Reached skill level 5 in Fighting
  6411 | Temple   | Entered the Ecumenical Temple
  6627 | D:8      | Found a staircase to the Lair.
  6645 | D:8      | Reached skill level 11 in Unarmed Combat
  6743 | D:8      | Found a runed translucent gate.
  6743 | D:8      | Found a runed translucent gate.
  6878 | D:8      | Found a runed translucent gate.
  6880 | D:8      | Noticed innerfire43's ghost (novice GnSh)
  6993 | D:8      | Killed innerfire43's ghost
  7092 | D:8      | Reached **** piety under Cheibriados
  7151 | D:9      | Noticed a two-headed ogre
  7155 | D:9      | Killed a two-headed ogre
  7171 | D:9      | Reached XP level 11. HP: 103/107 MP: 10/10
  7458 | D:9      | Noticed Maggie
  7463 | D:9      | Killed Maggie
  7471 | D:9      | Reached skill level 1 in Spellcasting
  7657 | D:9      | Noticed Amaemon
  7662 | D:9      | Killed Amaemon
  7663 | D:9      | Reached skill level 12 in Unarmed Combat
  7913 | Lair:1   | Entered Level 1 of the Lair of Beasts
  7930 | Lair:1   | Reached ***** piety under Cheibriados
  8207 | Lair:1   | Noticed a wolf spider
  8208 | Lair:1   | Noticed a wolf spider
  8212 | Lair:1   | Killed a wolf spider
  8217 | Lair:1   | Killed a wolf spider
  8296 | Lair:1   | Found a large runed translucent door.
  8296 | Lair:1   | Found a large runed translucent door.
  8302 | Lair:1   | Noticed Age's ghost (journeyman MiFi)
  8327 | Lair:1   | Learned a level 3 spell: Tukima's Dance
  8331 | Lair:1   | Learned a level 3 spell: Portal Projectile
  8742 | Lair:1   | Killed Age's ghost
  8826 | Lair:2   | Found a staircase to the Shoals.
  9004 | Lair:2   | Reached skill level 13 in Unarmed Combat
  9110 | Lair:2   | Reached XP level 12. HP: 118/118 MP: 14/14
  9303 | Lair:2   | Noticed a five-headed hydra
  9307 | Lair:2   | Killed a five-headed hydra
  9604 | Lair:2   | Learned a level 1 spell: Apportation
  9837 | Lair:3   | Found a staircase to the Snake Pit.
  9846 | Lair:3   | Reached skill level 1 in Armour
  9846 | Lair:3   | Reached skill level 10 in Shapeshifting
  9984 | Lair:3   | Reached ****** piety under Cheibriados
  9993 | Lair:3   | Reached skill level 14 in Unarmed Combat
 10475 | Lair:4   | Reached XP level 13. HP: 91/127 MP: 15/15
 10497 | Lair:4   | You are sucked into a shaft and drop 1 floor!
 10497 | Lair:5   | Entered Level 5 of the Lair of Beasts
 10748 | Lair:4   | Reached skill level 5 in Armour
 11169 | Lair:5   | Reached skill level 1 in Evocations
 11191 | Lair:5   | Found a transporter.
 11214 | Lair:5   | Reached skill level 15 in Unarmed Combat
 11290 | Lair:5   | Noticed justen's ghost (journeyman TrSh)
 11291 | Lair:5   | Found a bloodstained altar of Trog.
 11302 | Lair:5   | Found a transporter.
 11438 | Lair:5   | Found a staircase to the Slime Pits.
 11439 | Lair:5   | Found a viscous altar of Jiyva.
 11690 | Lair:5   | HP: 3/127 [blink frog (7)]
 11691 | Lair:5   | Slain by a blink frog

Illustrated notes

Levels and vault maps discovered:
D:1:      orjb1_clovarrival, layout_loops_ring, serial_forest,
          infiniplex_forest_end_2, infiniplex_forest_end_1,
          infiniplex_forest_clump_tiny, infiniplex_forest_corner_2,
          infiniplex_forest_clump_tiny, infiniplex_forest_end_2,
          grunt_decor_fettered
D:2:      layout_loops_cross, hangedman_decor_opposing, minmay_misc_feat_cross,
          uniq_jessica
D:3:      layout_loops_ring, nicolae_wu_jian_glorious_leap,
          grunt_temple_overflow_lords_of_destruction, serial_shops,
          nicolae_shop_behind_doors
D:4:      minmay_opposing_rooms, layout_basic, marbit_many_paths,
          mainiacjoe_overflow_tiny_flanked, old_standard_altar,
          uniq_crazy_yiuf_cottage
D:5:      layout_loops_ring, nicolae_ru_awakened_eye,
          nicolae_elyvilon_peaceful_grove, cheibriados_altar_1,
          lightli_temple_of_fire, ebering_ghost_reflecting_pool, nrook_campfire,
          uniq_ijyb
D:6:      layout_cave_pods, xom_confusion_cloud
D:7:      layout_basic, minmay_temple_entry_from_below_a, gammafunk_ghost_hive,
          serial_shops, shop, nicolae_shop_sticking_my_neck_out, uniq_joseph
D:8:      layout_rooms, nicolae_ashenzari_panopticon, overflow_temple_1_default,
          erik_lair_dragon, gammafunk_ghost_spectres, serial_shops, shop_statue
D:9:      layout_stronghold, uniq_maggie, uniq_amaemon
Temple:   hellmonk_temple_beads
Lair:1:   layout_regular_city, ebering_ghost_disaster_area,
          chequers_serial_rivers_micro_d, nicolae_lair_run_with_the_wolves
Lair:2:   layout_roguey, shoals_dummy_entry, eino_small_chamber_without_monster,
          grunt_megastairs_5, serial_bayou_shore_b, infiniplex_staircase_pool
Lair:3:   layout_loops_ring, nicolae_snake_entry_warm_welcome,
          grunt_megastairs_1, infiniplex_staircase_pool_2, lemuel_fruit_tree
Lair:4:   layout_misc_corridors
Lair:5:   hellmonk_lair_end_abyssal_woods, layout_gridlike, slime_entry_1,
          gammafunk_ghost_wrathful_warriors, lemuel_fruit_fields

Skill      XL: |  1  2  3  4  5  6  7  8  9 10 11 12 13 |
---------------+----------------------------------------+-----
Fighting       | 1 2 3 4 6 7 8 |  8.1
Unarmed Combat | 4 5 6 7 9 10 11 13 14 15 | 15.5
Dodging        | 3 5 6 |  6.0
Shapeshifting  | 5 7 9 10 11 | 11.5
Spellcasting   | 2 |  2.4
Armour         | 3 5 |  5.2
Evocations     | 3 |  3.3

Action                     |  1- 3 |  4- 6 |  7- 9 | 10-12 | 13-15 || total
---------------------------+-------+-------+-------+-------+-------++-------
  Melee: Unarmed           |    50 |   141 |   247 |   380 |   158 ||   976
         Punch             |       |     2 |     9 |    40 |    23 ||    74
  Throw: Boomerang         |       |       |       |       |     5 ||     5
  Evoke: Wand              |       |       |       |       |     9 ||     9
    Use: Scroll            |       |     1 |     4 |     7 |     1 ||    13
         Potion            |       |       |     4 |     5 |       ||     9
   Stab: Distracted        |     1 |       |       |       |       ||     1
         Sleeping          |       |     1 |       |       |     2 ||     3
 Armour: Animal skin       |     8 |    29 |    36 |     2 |       ||    75
         Skin              |       |       |     7 |    13 |       ||    20
         Robe              |       |       |       |    10 |       ||    10
         Acid dragon scale |       |       |       |    47 |    48 ||    95
  Dodge: Dodged            |    19 |    88 |   228 |   323 |   209 ||   867
   Form: Blade             |       |       |       |       |     1 ||     1

Table legend: (Time is in decaauts)
 A = Elapsed time spent in this place.
 B = Non-inter-level travel time spent in this place.
 C = Inter-level travel time spent in this place.
 D = Time resting spent in this place.
 E = Time spent auto-exploring this place.
 F = Levels seen in this place.
 G = Mean time per level.
                   A        B        C        D        E       F      G
               +--------+--------+--------+--------+--------+-----+--------+
         Total |  16310 |  15524 |    786 |    131 |  12810 |  15 | 1087.3 |
       Dungeon |   9949 |   9396 |    553 |    103 |   7823 |   9 | 1105.4 |
        Temple |      1 |      1 |      0 |      0 |      0 |   1 |    1.0 |
          Lair |   6359 |   6127 |    232 |     28 |   4986 |   5 | 1271.8 |
               +--------+--------+--------+--------+--------+-----+--------+

Top non-repeatable levels by time:
     D:8: 1917 daAuts
     D:7: 1483 daAuts
  Lair:1: 1460 daAuts
  Lair:2: 1449 daAuts
  Lair:3: 1316 daAuts
  Lair:5: 1243 daAuts
     D:9: 1218 daAuts
     D:6: 1190 daAuts
     D:5: 1065 daAuts
     D:4: 948 daAuts
  Lair:4: 889 daAuts
     D:1: 802 daAuts
     D:2: 723 daAuts
     D:3: 600 daAuts
  Temple: 1 daAuts
